[Event "Titled Tuesday Blitz December 20 Early 2022"]
[White "Michels, Achim"]
[Black "Arnaldofdelavaramulet"]
[WhiteFideId "4677889"]
[WhiteElo "2163"]
[BlackElo "2648"]
[Result "0-1"]
[Round "01"]
[TimeControl "180+2"]
[Date "2022.12.20"]
[WhiteClock "0:00:03"]
[BlackClock "0:00:14"]

1. e4 c5 2. Nf3 e6 3. d4 cxd4 4. Nxd4 a6 5. Nc3 Qc7 6. f4 d6 7. Be2 Nf6 8. Be3 Nbd7 9. O-O b5 10. Bf3 Bb7 11. a3 Nc5 12. e5 dxe5 13. fxe5 Qxe5 14. Bf4 Bxf3 15. Rxf3 Qh5 16. Nc6 Rc8 17. Ne5 Be7 18. h3 g5 19. g4 Qh6 20. Be3 Qg7 21. Qd4 O-O 22. Raf1 Rcd8 23. Qb4 Nd5 24. Nxd5 Rxd5 25. Nc6 Bd6 26. c4 bxc4 27. Qxc4 Qxb2 28. R3f2 Qb5 0-1


[Site "https://www.chess.com"]

[Event "Titled Tuesday Blitz December 20 Early 2022"]
[White "Midgardsormur"]
[Black "Mitrabha, Guha"]
[BlackFideId "5057000"]
[WhiteElo "2460"]
[BlackElo "2507"]
[Result "0-1"]
[Round "01"]
[TimeControl "180+2"]
[Date "2022.12.20"]
[WhiteClock "0:02:04"]
[BlackClock "0:02:19"]

1. e4 c6 2. d4 d5 3. e5 Bf5 4. h4 h5 5. Bd3 Bxd3 6. Qxd3 e6 7. Bg5 Qa5+ 8. Nd2 Qa6 9. c4 Ne7 10. Ngf3 Nf5 11. O-O Nd7 12. b3 Bb4 13. g3 O-O 14. Kg2 c5 15. a3 Bxd2 16. Bxd2 cxd4 17. Nxd4 Nc5 18. Qc3 Nxd4 19. Qxd4 Nxb3 20. Qe3 Nxa1 21. Rxa1 Qxc4 0-1


[Site "https://www.chess.com"]

[Event "Titled Tuesday Blitz December 20 Early 2022"]
[White "Mikhail_Bryakin"]
[Black "Kirillov-Dmitry"]
[WhiteElo "2765"]
[BlackElo "2444"]
[Result "1/2-1/2"]
[Round "01"]
[TimeControl "180+2"]
[Date "2022.12.20"]
[WhiteClock "0:00:39"]
[BlackClock "0:00:58"]

1. e4 c6 2. Nc3 d5 3. Nf3 dxe4 4. Nxe4 Nf6 5. Qe2 Nxe4 6. Qxe4 Nd7 7. d4 Nf6 8. Qd3 g6 9. Be2 Bg7 10. O-O Bf5 11. Qb3 Qc8 12. Bf4 O-O 13. h3 b5 14. a4 Be6 15. Qa3 Nd5 16. Be5 b4 17. Qd3 a5 18. Bxg7 Kxg7 19. Rfe1 Bf5 20. Qd2 Re8 21. Bc4 h5 22. Re2 Qd7 23. Rae1 f6 24. Nh4 e6 25. Nxf5+ exf5 26. Bxd5 cxd5 27. b3 Re4 28. f3 Rxe2 29. Qxe2 Kf7 30. Kf2 Re8 31. Qd3 Rxe1 32. Kxe1 f4 33. Kd2 Qe6 34. c4 bxc3+ 35. Qxc3 Qa6 36. Qd3 Qb6 37. Kc3 Qb4+ 38. Kc2 Qe1 39. Qd2 Qf1 40. Kb2 g5 41. Qc2 h4 42. Qh7+ Ke6 43. Qg8+ Ke7 44. Qh7+ Ke6 45. Qc2 Kf7 46. Qd2 Kg7 47. Qc2 Kf7 1/2-1/2


[Site "https://www.chess.com"]

[Event "Titled Tuesday Blitz December 20 Early 2022"]
[White "Mileo, Miguelito"]
[Black "Betta, Yanis"]
[WhiteFideId "851108"]
[BlackFideId "36032972"]
[WhiteElo "1721"]
[BlackElo "2452"]
[Result "1/2-1/2"]
[Round "01"]
[TimeControl "180+2"]
[Date "2022.12.20"]
[WhiteClock "0:00:30"]
[BlackClock "0:01:29"]

1. e4 e5 2. Nf3 Nf6 3. Nxe5 Nxe4 4. Qe2 Qe7 5. Qxe4 d6 6. d4 dxe5 7. dxe5 Nc6 8. Nc3 Qxe5 9. Qxe5+ Nxe5 10. Bf4 Bd6 11. Bg3 Be6 12. Nb5 O-O-O 13. Nxd6+ cxd6 14. O-O-O Rhe8 15. Bb5 Re7 16. Rd2 f6 17. Rhd1 a6 18. Bf1 d5 19. f3 Nc6 20. c3 d4 21. cxd4 Bxa2 22. d5 Ne5 23. d6 Red7 24. Kc2 Bf7 25. b3 Bg6+ 26. Kb2 Kb8 27. Bc4 Nxc4+ 28. bxc4 Rc8 29. Rd4 Bf7 30. Rc1 Rc5 31. Rc3 b5 32. cxb5 Rxb5+ 33. Kc2 Bg6+ 34. Kd2 Kb7 35. Rc7+ Rxc7 36. dxc7 Rc5 37. Rb4+ Rb5 38. Rc4 Kc8 39. Rd4 Rb2+ 40. Ke3 Rb3+ 41. Ke2 Rb2+ 42. Kd1 Rb1+ 43. Kd2 Rb2+ 44. Kc1 Rb1+ 45. Kd2 Rb2+ 1/2-1/2


[Site "https://www.chess.com"]

[Event "Titled Tuesday Blitz December 20 Early 2022"]
[White "Mohammed, Dilshad"]
[Black "severomorskij"]
[WhiteFideId "5050421"]
[WhiteElo "2103"]
[BlackElo "2844"]
[Result "0-1"]
[Round "01"]
[TimeControl "180+2"]
[Date "2022.12.20"]
[WhiteClock "0:00:56"]
[BlackClock "0:01:02"]

1. Nf3 d5 2. c4 d4 3. e3 c5 4. b4 dxe3 5. fxe3 cxb4 6. d4 g6 7. Bd3 Bg7 8. O-O Nf6 9. Bb2 O-O 10. h3 a5 11. a4 Nfd7 12. Qe2 e5 13. dxe5 Nc6 14. Rd1 Qe7 15. Nbd2 Ndxe5 16. Nxe5 Nxe5 17. Bxe5 Bxe5 18. Rab1 Bd7 19. Bc2 Rad8 20. Nf3 Bg7 21. Rd5 b6 22. Rbd1 Bc6 23. e4 Bxd5 24. cxd5 Rfe8 25. Qb5 Qc5+ 26. Qxc5 bxc5 27. Bd3 c4 28. Bxc4 Rxe4 29. Bb5 b3 30. d6 b2 31. d7 Rb4 32. Rb1 Rxb5 33. axb5 Rxd7 34. Ne1 Rb7 35. Nc2 Rxb5 36. Kf2 Rc5 37. Na3 Rc1 38. Ke2 Bf8 39. Rxb2 Bxa3 40. Rb8+ Kg7 0-1


[Site "https://www.chess.com"]

[Event "Titled Tuesday Blitz December 20 Early 2022"]
[White "Mone, Ved"]
[Black "Pastana, Rafael Pedroni"]
[WhiteFideId "25666290"]
[BlackFideId "2140756"]
[WhiteElo "1254"]
[BlackElo "1978"]
[Result "1-0"]
[Round "01"]
[TimeControl "180+2"]
[Date "2022.12.20"]
[WhiteClock "0:00:14"]
[BlackClock "0:00:22"]

1. e4 c5 2. Nf3 e6 3. d4 cxd4 4. Nxd4 a6 5. Bd3 Qc7 6. Nc3 Nf6 7. O-O Be7 8. a4 O-O 9. Kh1 d6 10. f4 b6 11. Qe1 Bb7 12. e5 dxe5 13. fxe5 Nd5 14. Nxd5 Bxd5 15. Qg3 Rd8 16. c3 Nc6 17. Nxc6 Qxc6 18. Bc2 Be4 19. Bxe4 Qxe4 20. Be3 b5 21. Bd4 b4 22. Rf4 Qc2 23. Rf2 Qe4 24. Raf1 Rf8 25. Rf4 Qc2 26. h4 bxc3 27. bxc3 Rab8 28. Kh2 Rb2 29. h5 h6 30. R4f2 Qb3 31. Rf3 Qxa4 32. Qg4 Qc2 33. Rf6 Qxg2+ 34. Qxg2 Rxg2+ 35. Kxg2 gxf6 36. exf6 Bd6 37. Kf3 Ra8 38. Rg1+ Kf8 39. Be3 a5 40. Bxh6+ Ke8 41. Rg8+ 1-0


[Site "https://www.chess.com"]

[Event "Titled Tuesday Blitz December 20 Early 2022"]
[White "MrChampion_Coach"]
[Black "Cag, Ceyda"]
[BlackFideId "34571477"]
[WhiteElo "2580"]
[BlackElo "2157"]
[Result "1-0"]
[Round "01"]
[TimeControl "180+2"]
[Date "2022.12.20"]
[WhiteClock "0:00:44"]
[BlackClock "0:00:15"]

1. e4 c5 2. Nf3 d6 3. d4 cxd4 4. Nxd4 Nf6 5. Nc3 a6 6. Bg5 e5 7. Nf5 Bxf5 8. exf5 Be7 9. Bxf6 Bxf6 10. Bc4 Nd7 11. O-O Nb6 12. Bb3 O-O 13. Qf3 Qc7 14. Rad1 Rad8 15. Rd3 Kh8 16. Rfd1 g6 17. Ne4 Qe7 18. Nxd6 Kg7 19. Ne4 Rxd3 20. Rxd3 Rd8 21. g4 h6 22. fxg6 Rxd3 23. cxd3 fxg6 24. Nxf6 Qxf6 25. Qxb7+ Kf8 26. Qxa6 Qc6 27. a4 h5 28. a5 Qc1+ 29. Kg2 Nd7 30. Qd6+ Ke8 31. Qxg6+ Kd8 32. Qg8+ Kc7 33. Qc4+ Kd8 34. Qxc1 Ke7 1-0


[Site "https://www.chess.com"]

[Event "Titled Tuesday Blitz December 20 Early 2022"]
[White "Mykola-Bortnyk"]
[Black "CristobalBlanco"]
[WhiteElo "2919"]
[BlackElo "2476"]
[Result "1-0"]
[Round "01"]
[TimeControl "180+2"]
[Date "2022.12.20"]
[WhiteClock "0:00:55"]
[BlackClock "0:00:16"]

1. e4 c5 2. c3 Nf6 3. e5 Nd5 4. Nf3 Nc6 5. Bc4 e6 6. O-O Nb6 7. Bb3 c4 8. Bc2 g6 9. b3 Bg7 10. Qe2 Qc7 11. Re1 cxb3 12. axb3 Nd5 13. Ba3 h6 14. Bd6 Qd8 15. Na3 Nc7 16. Nc4 Bf8 17. Qe4 Rg8 18. h4 b5 19. Na5 Nxa5 20. Bxc7 Qxc7 21. Qxa8 Nc6 22. Be4 Bc5 23. Nd4 Ke7 24. Nxc6+ dxc6 25. Qxc6 Qxc6 26. Bxc6 a6 27. d4 Bb6 28. Red1 Rd8 29. g3 g5 30. hxg5 hxg5 31. Kg2 b4 32. cxb4 Bxd4 33. Ra5 Bb6 34. Rxd8 Kxd8 35. Ra2 Kc7 36. Be8 Bb7+ 37. f3 Bd4 38. Bxf7 Bxe5 39. Bxe6 Kd6 40. Bf5 Bc3 41. Be4 Bc8 42. Rc2 1-0


[Site "https://www.chess.com"]

[Event "Titled Tuesday Blitz December 20 Early 2022"]
[White "Nakamura, Hikaru"]
[Black "JordanLoyd2020"]
[WhiteFideId "2016192"]
[WhiteElo "2775"]
[BlackElo "2526"]
[Result "1-0"]
[Round "01"]
[TimeControl "180+2"]
[Date "2022.12.20"]
[WhiteClock "0:02:22"]
[BlackClock "0:01:04"]

1. Nf3 Nf6 2. g3 g6 3. Bg2 Bg7 4. O-O O-O 5. d3 d6 6. Nbd2 c5 7. e4 Nc6 8. Re1 Rb8 9. h3 Bd7 10. Nf1 b5 11. Bg5 a5 12. Qc1 Re8 13. Bh6 Bh8 14. Ne3 a4 15. a3 Qc8 16. Kh2 Nd4 17. Nd2 b4 18. Ndc4 b3 19. c3 Nb5 20. f4 Bc6 21. Qd2 e6 22. e5 dxe5 23. fxe5 Nd5 24. Ng4 f5 25. exf6 Nxf6 26. Nxf6+ Bxf6 27. Rf1 Bh8 28. Qf4 Rb7 29. Bxc6 1-0


[Site "https://www.chess.com"]

[Event "Titled Tuesday Blitz December 20 Early 2022"]
[White "Nau, Guenter"]
[Black "German, Gustavo"]
[WhiteFideId "4661419"]
[BlackFideId "103640"]
[WhiteElo "2205"]
[BlackElo "2515"]
[Result "1-0"]
[Round "01"]
[TimeControl "180+2"]
[Date "2022.12.20"]
[WhiteClock "0:00:15"]
[BlackClock "0:00:01"]

1. d4 Nf6 2. c4 c5 3. Nf3 g6 4. Nc3 Bg7 5. g3 d5 6. cxd5 Nxd5 7. Bg2 O-O 8. O-O Nxc3 9. bxc3 Nc6 10. e3 Be6 11. Qe2 Rc8 12. Rd1 Na5 13. e4 Bc4 14. Qe1 e6 15. Bg5 Bf6 16. Bh6 Bg7 17. Bg5 Qe8 18. Qe3 Nc6 19. h4 cxd4 20. cxd4 e5 21. dxe5 Nxe5 22. Nxe5 Bxe5 23. Rab1 b6 24. Bh6 Bg7 25. Bxg7 Kxg7 26. Bh3 Rc5 27. Rbc1 Qe5 28. a3 Kg8 29. Rd7 a5 30. Rcd1 Be6 31. Bxe6 fxe6 32. Qh6 Qh8 33. Re7 Rh5 34. Qe3 Qf6 35. Rdd7 Kh8 36. Rb7 Rc5 37. Kg2 Rc2 38. Rxh7+ Kg8 39. Rbg7+ Qxg7 40. Rxg7+ Kxg7 41. Qd4+ Kg8 42. Qxb6 Kf7 43. Qxa5 Kg8 44. Qb6 Re8 45. a4 Rcc8 46. a5 Rb8 47. Qd4 Rf8 48. Qe5 Rfe8 49. Qf6 Kh7 50. a6 Ra8 51. Qf7+ Kh8 52. Qxg6 Rf8 53. Qxe6 Rab8 54. Qh6+ Kg8 55. Qg6+ Kh8 56. a7 Ra8 57. Qh6+ Kg8 58. Qg6+ Kh8 59. Qd6 Rf7 60. Qb8+ Rf8 61. Qb7 Kg8 62. h5 Rae8 63. h6 Rf6 1-0


[Site "https://www.chess.com"]

[Event "Titled Tuesday Blitz December 20 Early 2022"]
[White "Nemegejas"]
[Black "Chesstrainer1"]
[WhiteElo "2883"]
[BlackElo "2467"]
[Result "1-0"]
[Round "01"]
[TimeControl "180+2"]
[Date "2022.12.20"]
[WhiteClock "0:01:31"]
[BlackClock "0:00:01"]

1. Nf3 Nf6 2. b3 g6 3. Bb2 Bg7 4. e3 O-O 5. c4 c5 6. Nc3 b6 7. d4 cxd4 8. Qxd4 Bb7 9. Be2 Nc6 10. Qd2 d6 11. O-O Rc8 12. Rfc1 Ng4 13. Rab1 a6 14. h3 Nge5 15. Nxe5 Nxe5 16. Nd5 e6 17. Nf4 Qe7 18. Ba3 Rfd8 19. Rd1 Bf8 20. Qd4 Qc7 21. Rbc1 Bc6 22. Nd5 Qb7 23. Nf6+ Kg7 24. f4 Kxf6 25. fxe5+ dxe5 26. Qh4+ Kg7 27. Rxd8 Bxa3 28. Rxc8 Bxc1 29. Qd8 Bxe3+ 30. Kh2 Bxg2 31. Qf8+ Kf6 32. Qh8+ Kf5 33. Bg4+ Kf4 34. Qf6+ Ke4 35. Rd8 Bf4+ 36. Kxg2 Ke3+ 37. Kg1 Qe4 38. Qh4 Bh2+ 39. Kxh2 1-0


[Site "https://www.chess.com"]

[Event "Titled Tuesday Blitz December 20 Early 2022"]
[White "Nenezic, Marko"]
[Black "cancrushyou"]
[WhiteFideId "912123"]
[WhiteElo "2514"]
[BlackElo "2530"]
[Result "0-1"]
[Round "01"]
[TimeControl "180+2"]
[Date "2022.12.20"]
[WhiteClock "0:00:07"]
[BlackClock "0:00:33"]

1. d4 d5 2. Nf3 e6 3. g3 Nf6 4. Bg2 Be7 5. O-O O-O 6. b3 a5 7. c4 a4 8. Bb2 a3 9. Bc3 Ne4 10. e3 Nxc3 11. Nxc3 Nc6 12. Rc1 Nb4 13. Qd2 dxc4 14. bxc4 c5 15. d5 Bf6 16. e4 exd5 17. cxd5 Bg4 18. h3 Bxf3 19. Bxf3 Qa5 20. Nd1 Rac8 21. Ne3 Rfd8 22. Nc4 Qc7 23. Nxa3 Ra8 24. Nc4 Rxa2 25. Qe3 Bd4 26. Qb3 b5 0-1


[Site "https://www.chess.com"]

[Event "Titled Tuesday Blitz December 20 Early 2022"]
[White "Nithisker, P"]
[Black "Flawless_Fighter"]
[WhiteFideId "33434786"]
[WhiteElo "2346"]
[BlackElo "2622"]
[Result "0-1"]
[Round "01"]
[TimeControl "180+2"]
[Date "2022.12.20"]
[WhiteClock "0:00:01"]
[BlackClock "0:00:08"]

1. d4 Nf6 2. c4 e6 3. g3 d5 4. Nf3 Bb4+ 5. Bd2 Be7 6. Qc2 c6 7. Bg2 Nbd7 8. O-O O-O 9. Rd1 a5 10. Bf4 h6 11. Nbd2 Nh5 12. Rac1 f5 13. Ne5 g5 14. Nxd7 Bxd7 15. Be5 Nf6 16. f3 Be8 17. e4 fxe4 18. fxe4 Bg6 19. Qc3 Bb4 20. Qe3 Ng4 21. Qe2 Nxe5 22. exd5 Nd3 23. Qxe6+ Bf7 24. Qxh6 Qd6 25. Qxg5+ Qg6 26. Qxg6+ Bxg6 27. Rb1 Nf2 28. dxc6 bxc6 29. Bxc6 Rac8 30. Bd5+ Kg7 31. Nf3 Nxd1 32. Rxd1 Bf7 33. Bxf7 Rxf7 34. Ne5 Re7 35. b3 Re6 36. Rf1 Rc7 37. Kg2 Bc3 38. Nf3 Re2+ 39. Kh3 Rxa2 40. Kg4 Rc6 41. h4 Rg6+ 42. Ng5 Bxd4 43. Rf7+ Kg8 44. Rd7 Be3 45. Rd5 Bxg5 46. hxg5 Rb6 47. Kf5 Rf2+ 48. Ke5 Re2+ 49. Kf4 Rxb3 50. c5 Rf2+ 51. Kg4 Rc2 52. Kh5 Kf7 53. g6+ Kf6 54. Rd6+ Kg7 0-1


[Site "https://www.chess.com"]

[Event "Titled Tuesday Blitz December 20 Early 2022"]
[White "Nyambe, Maketo"]
[Black "Monticone, Sonia"]
[WhiteFideId "8700915"]
[BlackFideId "836613"]
[WhiteElo "2091"]
[BlackElo "1887"]
[Result "0-1"]
[Round "01"]
[TimeControl "180+2"]
[Date "2022.12.20"]
[WhiteClock "0:00:51"]
[BlackClock "0:01:53"]

1. g4 d5 2. Bg2 c6 3. g5 e5 4. d4 Nd7 5. h4 Bd6 6. h5 Ne7 7. c4 dxc4 8. Nc3 O-O 9. Nf3 Nf5 10. e4 Nxd4 11. Nxd4 exd4 12. Qxd4 Ne5 13. O-O Nf3+ 14. Bxf3 Bh2+ 15. Kxh2 Qxd4 16. Be3 Qe5+ 17. Kg2 Be6 18. Ne2 Rfd8 19. Rab1 Rd3 20. Bf4 Qa5 21. a3 Rad8 22. h6 gxh6 23. gxh6 Rxf3 24. Kxf3 Qh5+ 25. Kg2 Bh3+ 26. Kg1 Qf3 0-1


[Site "https://www.chess.com"]

[Event "Titled Tuesday Blitz December 20 Early 2022"]
[White "Ong, Chong Ghee"]
[Black "Vesper, Horst"]
[WhiteFideId "5800145"]
[BlackFideId "24677159"]
[WhiteElo "2307"]
[BlackElo "2028"]
[Result "0-1"]
[Round "01"]
[TimeControl "180+2"]
[Date "2022.12.20"]
[WhiteClock "0:00:02"]
[BlackClock "0:00:13"]

1. d4 Nf6 2. Bg5 d5 3. Bxf6 exf6 4. e3 g6 5. g3 Bd6 6. Bg2 c6 7. Ne2 O-O 8. Nd2 Re8 9. O-O Be6 10. Rc1 Nd7 11. c4 dxc4 12. Nxc4 Bf8 13. a3 f5 14. b4 Nf6 15. Na5 Qd7 16. Nf4 Nd5 17. Nxe6 fxe6 18. Qb3 Rac8 19. Rc2 b6 20. Nc4 Bg7 21. Rfc1 Kh8 22. a4 c5 23. dxc5 bxc5 24. bxc5 Rxc5 25. Na3 Rxc2 26. Rxc2 g5 27. Bxd5 exd5 28. Rd2 d4 29. Qd3 f4 30. Nb5 fxe3 31. fxe3 a6 32. Nxd4 Qxa4 33. Nf5 Bf6 34. Qd7 Qxd7 35. Rxd7 a5 36. Kf2 Ra8 37. Rd6 Bc3 38. Rd3 Bb2 39. Rd2 Rb8 40. Ne7 a4 41. Nc6 Rb6 42. Na5 a3 43. Nc4 Rb4 44. Nxa3 Bxa3 45. Rd5 h6 46. h4 Rb2+ 47. Kf3 Be7 48. Re5 Bf6 49. Re6 Kg7 50. hxg5 hxg5 51. Rc6 Rb3 52. Ke4 Kg6 53. g4 Rb4+ 54. Kf3 Kf7 55. Rc7+ Be7 56. Rc6 Rb3 57. Ke4 Rb4+ 58. Kf3 Ra4 59. Rb6 Ra3 60. Rb5 Ke6 61. Rb6+ Bd6 62. Ke4 Ra4+ 63. Kf3 Kd5 64. Rb5+ Bc5 65. Rb1 Ra3 66. Re1 Ke5 67. Re2 Rb3 68. Re1 Rb2 0-1


[Site "https://www.chess.com"]

[Event "Titled Tuesday Blitz December 20 Early 2022"]
[White "OparinGrigoriy"]
[Black "profofchess"]
[WhiteElo "3013"]
[BlackElo "2442"]
[Result "1-0"]
[Round "01"]
[TimeControl "180+2"]
[Date "2022.12.20"]
[WhiteClock "0:01:18"]
[BlackClock "0:00:08"]

1. c4 e5 2. Nc3 d6 3. g3 f5 4. Bg2 Nf6 5. e3 Be7 6. Nge2 O-O 7. O-O Qe8 8. b4 Nc6 9. b5 Nd8 10. d3 Ne6 11. a4 Qh5 12. f4 Ng4 13. h3 Nf6 14. Ba3 Re8 15. Qd2 Qg6 16. Rf2 Nh5 17. Nd5 Bd8 18. Kh2 Nxg3 19. Nxg3 Bh4 20. Rf3 e4 21. dxe4 fxe4 22. f5 exf3 23. fxg6 fxg2 24. gxh7+ Kh8 25. Nf5 Bg5 26. Qxg2 c6 27. Nxd6 Rf8 28. Ne4 cxd5 29. Nxg5 Rf6 30. cxd5 Nxg5 31. Qxg5 Rh6 32. Bb2 Rxh3+ 33. Kg2 1-0


[Site "https://www.chess.com"]

[Event "Titled Tuesday Blitz December 20 Early 2022"]
[White "Paspuel, Trosky"]
[Black "Meri-Arabidze"]
[WhiteFideId "3602150"]
[WhiteElo "1721"]
[BlackElo "2730"]
[Result "0-1"]
[Round "01"]
[TimeControl "180+2"]
[Date "2022.12.20"]
[WhiteClock "0:00:42"]
[BlackClock "0:01:55"]

1. c4 e5 2. g3 Nc6 3. Bg2 g6 4. Nc3 Bg7 5. d3 d6 6. Nf3 Nf6 7. O-O O-O 8. Rb1 h6 9. b4 a6 10. a4 Be6 11. b5 axb5 12. axb5 Ne7 13. Nd2 c6 14. Nde4 Nxe4 15. Nxe4 f5 16. Nc3 e4 17. Bb2 d5 18. bxc6 bxc6 19. cxd5 cxd5 20. Nb5 Bxb2 21. Rxb2 Nc6 22. dxe4 dxe4 23. Qxd8 Raxd8 24. Rc1 Ne5 25. Nc7 Bf7 26. Rc5 Rd1+ 27. Bf1 Nc4 28. Rc2 Nd2 29. Rxd2 Rxd2 30. e3 Rb8 31. Kg2 Rbb2 0-1


[Site "https://www.chess.com"]

[Event "Titled Tuesday Blitz December 20 Early 2022"]
[White "Patterson, Fheopatrick"]
[Black "Carvalho, Heracles Elieser"]
[WhiteFideId "30939364"]
[BlackFideId "22751114"]
[WhiteElo "1497"]
[BlackElo "1895"]
[Result "1-0"]
[Round "01"]
[TimeControl "180+2"]
[Date "2022.12.20"]
[WhiteClock "0:01:02"]
[BlackClock "0:00:02"]

1. Nf3 Nf6 2. b3 g6 3. Bb2 Bg7 4. g3 O-O 5. Bg2 d6 6. O-O e5 7. d3 Nbd7 8. e4 Nc5 9. h3 a5 10. a4 Bd7 11. Re1 Qc8 12. Kh2 Nh5 13. Nbd2 f5 14. exf5 Bxf5 15. g4 Bxg4 16. hxg4 Qxg4 17. Bh3 Qf4+ 18. Kh1 Qh6 19. Ng1 Nf4 20. Re3 Qh4 21. Qf1 Bh6 22. Ndf3 Qh5 23. Nh2 Nce6 24. Bg4 Qh4 25. Nf3 Qe7 26. d4 Nd5 27. Qh3 Nxe3 28. Bxe6+ Kg7 29. dxe5 dxe5 30. Bxe5+ Rf6 31. fxe3 Rf8 1-0


[Site "https://www.chess.com"]

[Event "Titled Tuesday Blitz December 20 Early 2022"]
[White "PavelChernomordik"]
[Black "Mekhitarian, Krikor Sevag"]
[BlackFideId "2107660"]
[WhiteElo "2434"]
[BlackElo "2604"]
[Result "0-1"]
[Round "01"]
[TimeControl "180+2"]
[Date "2022.12.20"]
[WhiteClock "0:00:01"]
[BlackClock "0:00:25"]

1. e4 c5 2. Nc3 Nc6 3. Bb5 Nd4 4. Bc4 e6 5. Nge2 a6 6. Nxd4 cxd4 7. Ne2 Bc5 8. O-O d6 9. d3 Nf6 10. Ng3 O-O 11. f4 d5 12. Bb3 dxe4 13. dxe4 d3+ 14. Kh1 dxc2 15. Qxc2 Qe7 16. e5 Nd7 17. f5 Nxe5 18. f6 gxf6 19. Ne4 Nd7 20. Bh6 Bd4 21. Bxf8 Nxf8 22. Rad1 Be5 23. Qf2 f5 24. Nc5 Ng6 25. Rfe1 Bf6 26. Bc2 Qc7 27. b4 b6 28. Nd3 Bb7 29. Bb3 Kg7 30. Kg1 Rd8 31. Rc1 Qxc1 32. Rxc1 Bd4 33. Rc7 Bxf2+ 34. Kxf2 Bd5 35. Ke3 Bxb3 36. axb3 Rd5 37. Rc6 Rb5 38. g3 Ne7 39. Rc4 a5 40. bxa5 bxa5 41. Nc5 Nd5+ 42. Kf3 Nf6 43. h3 h5 44. Rc3 Rb4 45. Nd3 Rb7 46. Ne5 Ne4 47. Rd3 Nc5 48. Rc3 Rxb3 0-1


[Site "https://www.chess.com"]

[Event "Titled Tuesday Blitz December 20 Early 2022"]
[White "Pietrek, Gerhard"]
[Black "Patricks, Anastasia"]
[WhiteFideId "24631698"]
[BlackFideId "7101929"]
[WhiteElo "1596"]
[BlackElo "1778"]
[Result "0-1"]
[Round "01"]
[TimeControl "180+2"]
[Date "2022.12.20"]
[WhiteClock "0:00:05"]
[BlackClock "0:00:30"]

1. Nf3 g6 2. g3 Bg7 3. Bg2 Nf6 4. O-O O-O 5. c4 d6 6. d4 Nbd7 7. Nc3 c5 8. b3 a6 9. Bb2 Rb8 10. a4 b6 11. d5 Ne8 12. Qc2 Nc7 13. Nd2 b5 14. axb5 axb5 15. Ra7 bxc4 16. bxc4 Na6 17. Ra1 Nb4 18. Qc1 Ne5 19. Bf1 Bf5 20. Nb5 Bd7 21. f4 Bxb5 22. cxb5 Ng4 23. Bxg7 Kxg7 24. e4 Kg8 25. Qc3 Nf6 26. R1a5 Re8 27. h3 e6 28. dxe6 Rxe6 29. Bc4 d5 30. exd5 Nbxd5 31. Qa1 Qe8 32. Nf1 Re1 33. Qb2 Qe4 34. Bxd5 Nxd5 35. Qf2 Re2 36. Ra4 c4 37. Ra8 Rxf2 38. Rxb8+ Kg7 39. Kxf2 Qc2+ 40. Kf3 Qxa4 41. b6 Qb3+ 0-1


[Site "https://www.chess.com"]

[Event "Titled Tuesday Blitz December 20 Early 2022"]
[White "Pranav, V"]
[Black "ChessTankMan"]
[WhiteFideId "25060783"]
[WhiteElo "2597"]
[BlackElo "2514"]
[Result "1-0"]
[Round "01"]
[TimeControl "180+2"]
[Date "2022.12.20"]
[WhiteClock "0:00:07"]
[BlackClock "0:00:02"]

1. e4 c5 2. Nf3 e6 3. g3 d5 4. Nc3 Nc6 5. Bg2 Nf6 6. exd5 exd5 7. O-O Be7 8. d4 O-O 9. dxc5 Bxc5 10. Bg5 Be6 11. Na4 Be7 12. Re1 h6 13. Be3 Qa5 14. Nc3 Bb4 15. Nd4 Rfe8 16. Nxc6 bxc6 17. Bd4 Nd7 18. a3 Bf8 19. b4 Qc7 20. Rb1 Rad8 21. Qd2 Nb6 22. Qd3 Nc4 23. Na4 Qc8 24. Nc5 Bf5 25. Qc3 f6 26. Bf1 Nd6 27. Ba6 Qc7 28. a4 Ne4 29. Nxe4 Bxe4 30. Bc5 Bxc5 31. bxc5 Qf7 32. Rb7 Qh5 33. Bf1 d4 34. Qa5 Qf3 35. Rxe4 Qxe4 36. Qc7 Qg6 37. Bd3 Qg5 38. Kg2 Rf8 39. h4 Qd5+ 40. f3 Rf7 41. Be4 Qc4 42. Qxc6 Rxb7 43. Qxb7 Kh8 44. c6 1-0


[Site "https://www.chess.com"]

[Event "Titled Tuesday Blitz December 20 Early 2022"]
[White "Prasad, M.V.S"]
[Black "Dela Cruz, Noel"]
[WhiteFideId "5018790"]
[BlackFideId "5207649"]
[WhiteElo "1945"]
[BlackElo "2241"]
[Result "0-1"]
[Round "01"]
[TimeControl "180+2"]
[Date "2022.12.20"]
[WhiteClock "0:00:02"]
[BlackClock "0:00:04"]

1. e4 c5 2. Nf3 e6 3. d4 cxd4 4. Nxd4 Nc6 5. Nc3 Qc7 6. a3 a6 7. f4 b5 8. Nxc6 Qxc6 9. Bd3 Bc5 10. Qe2 Bb7 11. Be3 Rc8 12. O-O Nf6 13. Bxc5 Qxc5+ 14. Kh1 d6 15. e5 dxe5 16. fxe5 Nd7 17. Rae1 O-O 18. Rf4 g6 19. h4 Qe7 20. Be4 Nc5 21. Bxb7 Qxb7 22. b4 Nd7 23. Ne4 Qc7 24. Nd6 Rcd8 25. Ne4 Qxe5 26. Nf6+ Qxf6 27. Rxf6 Nxf6 28. Qe5 Nd5 29. h5 Ne7 30. Qf6 Rfe8 31. g4 h6 32. g5 Rd5 33. hxg6 Nxg6 34. Rf1 Rf8 35. Rg1 hxg5 36. Rxg5 Rxg5 37. Qxg5 Kg7 38. Qe3 Rc8 39. Qd4+ e5 40. Qd6 Rxc2 41. Qxa6 e4 42. Qxb5 e3 43. Qd3 e2 44. Qxc2 e1=Q+ 45. Kh2 Qe5+ 46. Kh1 f5 47. a4 Qe1+ 48. Kh2 Qe5+ 49. Kh1 f4 50. b5 f3 51. Qf2 Qh5+ 0-1


[Site "https://www.chess.com"]

[Event "Titled Tuesday Blitz December 20 Early 2022"]
[White "ProfessorChess101"]
[Black "jaldjald"]
[WhiteElo "2662"]
[BlackElo "2386"]
[Result "1-0"]
[Round "01"]
[TimeControl "180+2"]
[Date "2022.12.20"]
[WhiteClock "0:00:09"]
[BlackClock "0:00:04"]

1. Nf3 d5 2. c4 e6 3. g3 c5 4. Bg2 Nc6 5. O-O Nf6 6. b3 Be7 7. cxd5 exd5 8. Bb2 O-O 9. d4 Ne4 10. Nbd2 Bf6 11. e3 Bg4 12. h3 Nxd2 13. Qxd2 Bxf3 14. Bxf3 cxd4 15. exd4 Qd7 16. Kg2 Rad8 17. Rac1 Rfe8 18. Rfe1 Rxe1 19. Rxe1 Qc7 20. h4 h6 21. Qe3 Qb6 22. Rd1 a5 23. a3 Ne7 24. Rd3 Nc6 25. Qf4 Qb5 26. Re3 a4 27. b4 Qc4 28. Be2 Qc2 29. Bc3 Ne7 30. Bd3 Qb3 31. Bd2 Qd1 32. Re1 Qb3 33. Re3 Qb2 34. Rf3 Qxd4 35. Qc7 Nc6 36. b5 1-0


[Site "https://www.chess.com"]

[Event "Titled Tuesday Blitz December 20 Early 2022"]
[White "RamonManon0g"]
[Black "von Klitzing, Ole"]
[BlackFideId "34618821"]
[WhiteElo "2372"]
[BlackElo "1564"]
[Result "0-1"]
[Round "01"]
[TimeControl "180+2"]
[Date "2022.12.20"]
[WhiteClock "0:00:13"]
[BlackClock "0:00:12"]

1. e4 c5 2. Nf3 e6 3. g3 b6 4. d4 Bb7 5. d5 d6 6. dxe6 fxe6 7. Nc3 Nc6 8. Bh3 Qe7 9. O-O h6 10. Bf4 g5 11. Be3 Nf6 12. Bg2 Bg7 13. Qd2 O-O 14. Rad1 Rad8 15. h4 g4 16. Ne1 Kh7 17. Nd3 Nd4 18. Nf4 Nf3+ 19. Bxf3 gxf3 20. Qd3 e5 21. Nfd5 Nxd5 22. exd5+ Kh8 23. Qg6 Rf6 24. Qh5 Qf7 25. Qxf7 Rxf7 26. Kh2 Bc8 27. Rh1 Bf5 28. Rd2 a6 29. Kg1 b5 30. a3 Kh7 31. Na2 e4 32. c3 Rg8 33. Nc1 Be5 34. Kf1 a5 35. Nb3 a4 36. Na5 Bd7 37. c4 bxc4 38. Nxc4 Bb5 39. Rc2 Rb8 40. Bc1 Bxc4+ 41. Rxc4 Bxb2 42. Bf4 Be5 43. Bc1 Rb1 44. Ke1 e3 45. fxe3 Bxg3+ 46. Kd2 f2 47. Rf1 Rb3 48. Rxa4 Be5 49. Kc2 Rc3+ 50. Kd2 Rb3 51. Kc2 Rb8 52. Ra6 Rg8 53. Kd3 Rg1 54. Ke2 Rb7 55. Ra4 Rxf1 56. Kxf1 Rb1 57. Rc4 Bb2 58. Kxf2 Bxc1 59. Re4 Bxa3 60. Re6 c4 61. Re7+ Kg6 62. Rc7 Bc5 63. Kf3 c3 64. Re7 c2 65. Kg4 h5+ 66. Kf4 c1=Q 67. Re6+ Kf7 0-1


[Site "https://www.chess.com"]